AoeStats
← 散步黑鵝

Oasis

510061980Analyzed
4v4 RM · 3d ago on Sep 29, 2026· 29m 14s· 8 players
Game mode
Random Map
Map size
Large (8 player)
Population
200
Speed
Normal
Resources
Standard
Victory
Conquest
Starting age
Dark Age
Ending age
Imperial Age
RankedLock teamsTeams togetherTeam positionsShared explorationLock speedFull tech treeHidden civsTurbo modeCheats
Victory
Defeat
🇹🇼 Sicilians · Taiwan
2073
+5
🇹🇼 Armenians · Taiwan
2056
+5
🇹🇼 Gurjaras · Taiwan
2005
+6
🇹🇼 Wu · Taiwan
1736
+15
🇨🇳 Vietnamese · China
1808
-10
🇨🇳 Bohemians · China
1748
-8
🇨🇳 Mongols · China
1723
-6
🇨🇳 Spanish · China
1721
-7
154985415164
5:42 Loom
8:51 Feudal Age
10:56 Man-at-Arms
22:19 Castle Age
20:26 Horse Collar
21:01 Double-Bit Axe
21:57 Town Watch
23:19 Bow Saw
CNZS_醒醒
9:56 Feudal Age
13:47 Castle Age
13:44 Loom
17:44 Scale Barding Armor
18:35 Husbandry
20:44 Bloodlines
22:54 Chain Barding Armor
22:44 Forging
28:10 Wheelbarrow
27:24 Town Watch
Emperor_Napoleon
5:51 Loom
10:52 Feudal Age
15:37 Castle Age
14:32 Double-Bit Axe
16:54 Padded Archer Armor
28:14 Gold Mining
马到成功
2:16 Loom
10:57 Feudal Age
13:19 Double-Bit Axe
16:20 Wheelbarrow
21:05 Castle Age
19:48 Scale Barding Armor
19:27 Horse Collar
21:12 Forging
21:48 Husbandry
22:11 Chain Barding Armor
25:47 Bow Saw
ANKR.Navvy
8:21 Feudal Age
9:05 Double-Bit Axe
11:55 Horse Collar
17:59 Castle Age
16:40 Scale Barding Armor
17:02 Gold Mining
18:06 Light Cavalry
19:06 Husbandry
20:21 Bloodlines
20:16 Heavy Plow
25:51 Wheelbarrow
26:40 Chain Barding Armor
27:57 Gold Shaft Mining
27:50 Hand Cart
29:01 Bloodlines
ANKR.Tank20089
6:53 Loom
9:07 Feudal Age
9:33 Man-at-Arms
11:25 Double-Bit Axe
12:00 Arson
22:06 Castle Age
19:53 Horse Collar
21:19 Fletching
22:24 Gold Mining
23:26 Bodkin Arrow
28:41 Imperial Age
26:53 Padded Archer Armor
28:28 Bow Saw
Rayz
9:01 Feudal Age
9:39 Double-Bit Axe
10:37 Horse Collar
11:29 Loom
17:20 Wheelbarrow
20:43 Castle Age
19:04 Gold Mining
19:37 Scale Barding Armor
21:32 Heavy Plow
21:43 Bow Saw
27:01 Hand Cart
散步黑鵝
5:07 Loom
9:53 Feudal Age
13:13 Fletching
14:53 Double-Bit Axe
21:40 Castle Age
20:48 Gold Mining
20:40 Horse Collar
23:21 Bodkin Arrow
28:53 Imperial Age
27:28 Bow Saw
Connection lost

Rejoining the realm…

Still unreachable

The connection could not be restored.

Session expired

The server has moved on; the page needs a fresh start.